TOP OF THE 1ST |
Minnesota ManBearPigs batting - Pitching for Butler White Sox : LHP Gary Fox
|
Pitching: LHP Gary Fox
|
|
Batting: RHB Carlos López
|
0-0: SOLO HOME RUN (Flyball, 7LD), Distance : 369 ft
|
Batting: RHB Jaime Hernández
|
0-0: Ground out 1-3 (Groundball, 15S)
|
Batting: LHB Stanley Smith
|
0-0: Called Strike 0-1: Called Strike 0-2: Strikes out swinging
|
Batting: RHB James Hunter
|
0-0: Swinging Strike 0-1: Ball 1-1: Called Strike 1-2: Ball 2-2: Ball 3-2: Foul Ball, location: 2F 3-2: Strikes out swinging
|
Top of the 1st over - 1 run, 1 hit, 0 errors, 0 left on base; Minnesota 1 - Butler 0 |
BOTTOM OF THE 1ST |
Butler White Sox batting - Pitching for Minnesota ManBearPigs : RHP Curt Howard
|
Pitching: RHP Curt Howard
|
|
Batting: RHB Luis Fuentes
|
0-0: Ball 1-0: Foul Ball, location: 2F 1-1: Foul Ball, location: 2F 1-2: Ball 2-2: Foul Ball, location: 2F 2-2: Ball 3-2: Strikes out swinging
|
Batting: LHB Sam Haynes
|
0-0: Ball 1-0: Ball 2-0: Ball 3-0: Called Strike 3-1: Base on Balls
|
Batting: SHB Ben Marks
|
0-0: Ball 1-0: Foul Ball, location: 2F 1-1: Called Strike Sam Haynes is caught stealing 2nd base 1-2: Foul Ball, location: 2F 1-2: Ball 2-2: Ground out 6-3 (Groundball, 6S)
|
Bottom of the 1st over - 0 runs, 0 hits, 0 errors, 0 left on base; Minnesota 1 - Butler 0 |
TOP OF THE 2ND |
Minnesota ManBearPigs batting - Pitching for Butler White Sox : LHP Gary Fox
|
Batting: SHB Darrel Lang
|
0-0: Ball 1-0: SINGLE (Line Drive, 56D)
|
Batting: SHB Jorge Rodríguez
|
0-0: Called Strike 0-1: Ball Passed Ball! Darrel Lang to second 1-1: Foul Ball, location: 2F 1-2: Ball 2-2: Foul Ball, location: 2F 2-2: Strikes out looking
|
Batting: LHB Pedro Escobar
|
0-0: Called Strike 0-1: Ball 1-1: Swinging Strike 1-2: Ball 2-2: Ball 3-2: Base on Balls
|
Batting: RHB Álex Martínez
|
0-0: Ball 1-0: Grounds into double play, 6-4-3 (Groundball, 6)
|
Top of the 2nd over - 0 runs, 1 hit, 0 errors, 1 left on base; Minnesota 1 - Butler 0 |
BOTTOM OF THE 2ND |
Butler White Sox batting - Pitching for Minnesota ManBearPigs : RHP Curt Howard
|
Batting: RHB Steve Clifton
|
0-0: Foul Ball, location: 2F 0-1: Ground out 4-3 (Groundball, 4)
|
Batting: LHB Josh Pérez
|
0-0: Swinging Strike 0-1: Ball 1-1: Ball 2-1: Fly out, F8 (Flyball, 8LS)
|
Batting: SHB Giel Molendijk
|
0-0: Ball 1-0: Ball 2-0: Called Strike 2-1: Fly out, F8 (Flyball, 8LD)
|
Bottom of the 2nd over - 0 runs, 0 hits, 0 errors, 0 left on base; Minnesota 1 - Butler 0 |
TOP OF THE 3RD |
Minnesota ManBearPigs batting - Pitching for Butler White Sox : LHP Gary Fox
|
Batting: RHB Juan Trujillo
|
0-0: Called Strike 0-1: Swinging Strike 0-2: Ball 1-2: Strikes out looking
|
Batting: RHB Carlos López
|
0-0: Ball 1-0: Ball 2-0: Ground out 4-3 (Groundball, 34)
|
Batting: RHB Jaime Hernández
|
0-0: Ball 1-0: Foul Ball, location: 2F 1-1: Called Strike 1-2: Strikes out swinging
|
Top of the 3rd over - 0 runs, 0 hits, 0 errors, 0 left on base; Minnesota 1 - Butler 0 |
BOTTOM OF THE 3RD |
Butler White Sox batting - Pitching for Minnesota ManBearPigs : RHP Curt Howard
|
Batting: RHB Ángel Serrano
|
0-0: Ball 1-0: Ground out 6-3 (Groundball, 6)
|
Batting: RHB Jerry Moore
|
0-0: Swinging Strike 0-1: Foul Ball, location: 2F 0-2: Ball 1-2: Strikes out looking
|
Batting: LHB Denny Allen
|
0-0: Called Strike 0-1: SINGLE (Groundball, 34) (infield hit)
|
Batting: RHB Luis Fuentes
|
0-0: Called Strike 0-1: Ball 1-1: Ball 2-1: DOUBLE (Flyball, 78D) Denny Allen to third Runner from 3rd tries for Home, SAFE, no throw
|
Batting: LHB Sam Haynes
|
0-0: Called Strike 0-1: Ball 1-1: Swinging Strike 1-2: Ball 2-2: Foul Ball, location: 2F 2-2: Foul Ball, location: 2F 2-2: Strikes out swinging
|
Bottom of the 3rd over - 1 run, 2 hits, 0 errors, 1 left on base; Minnesota 1 - Butler 1 |
TOP OF THE 4TH |
Minnesota ManBearPigs batting - Pitching for Butler White Sox : LHP Gary Fox
|
Batting: LHB Stanley Smith
|
0-0: Ball 1-0: Ball 2-0: Called Strike 2-1: Called Strike 2-2: Foul Ball, location: 2F 2-2: Ball 3-2: Base on Balls
|
Batting: RHB James Hunter
|
0-0: Ball 1-0: Called Strike 1-1: Ball 2-1: SINGLE (Flyball, 89M) Stanley Smith to second
|
Batting: SHB Darrel Lang
|
0-0: Ball 1-0: Ball 2-0: Swinging Strike 2-1: Foul Ball, location: 2F 2-2: 3-RUN HOME RUN (Flyball, 9D), Distance : 358 ft
|
Batting: SHB Jorge Rodríguez
|
0-0: Fly out, F9 (Flyball, 9LS)
|
Batting: LHB Pedro Escobar
|
0-0: Ball 1-0: Ball 2-0: Ground out U3 (Groundball, 3L)
|
Batting: RHB Álex Martínez
|
0-0: Called Strike 0-1: Ball 1-1: Swinging Strike 1-2: Strikes out swinging
|
Top of the 4th over - 3 runs, 2 hits, 0 errors, 0 left on base; Minnesota 4 - Butler 1 |
BOTTOM OF THE 4TH |
Butler White Sox batting - Pitching for Minnesota ManBearPigs : RHP Curt Howard
|
Batting: SHB Ben Marks
|
0-0: Ball 1-0: Foul Ball, location: 2F 1-1: Foul Ball, location: 2F 1-2: Ball 2-2: Ball 3-2: Fly out, F7 (Flyball, 7LS)
|
Batting: RHB Steve Clifton
|
0-0: SINGLE (Groundball, 6MD)
|
Batting: LHB Josh Pérez
|
0-0: Called Strike 0-1: SINGLE (Groundball, 4MD) Steve Clifton to second Runner from 2nd tries for 3rd, SAFE, no throw
|
Batting: SHB Giel Molendijk
|
0-0: Ball Josh Pérez steals 2nd base 1-0: Swinging Strike 1-1: Ground out 5-3 (Groundball, 56)
|
Batting: RHB Ángel Serrano
|
0-0: Ground out 4-3 (Groundball, 4M)
|
Bottom of the 4th over - 0 runs, 2 hits, 0 errors, 2 left on base; Minnesota 4 - Butler 1 |
TOP OF THE 5TH |
Minnesota ManBearPigs batting - Pitching for Butler White Sox : LHP Gary Fox
|
Batting: RHB Juan Trujillo
|
0-0: Ball 1-0: SINGLE (Flyball, 7LM)
|
Batting: RHB Carlos López
|
0-0: Ball Juan Trujillo steals 2nd base 1-0: Ground out 6-3 (Groundball, 6)
|
Batting: RHB Jaime Hernández
|
0-0: Called Strike 0-1: Swinging Strike 0-2: Strikes out swinging
|
Batting: LHB Stanley Smith
|
0-0: Called Strike 0-1: Ball 1-1: Ground out 4-3 (Groundball, 4MD)
|
Top of the 5th over - 0 runs, 1 hit, 0 errors, 1 left on base; Minnesota 4 - Butler 1 |
BOTTOM OF THE 5TH |
Butler White Sox batting - Pitching for Minnesota ManBearPigs : RHP Curt Howard
|
Batting: RHB Jerry Moore
|
0-0: Ball 1-0: Called Strike 1-1: Ball 2-1: Swinging Strike 2-2: SOLO HOME RUN (Flyball, 7D), Distance : 345 ft
|
Batting: LHB Denny Allen
|
0-0: Fly out, F7 (Line Drive, 78D)
|
Batting: RHB Luis Fuentes
|
0-0: Ball 1-0: Ground out 5-3 (Groundball, 56S)
|
Batting: LHB Sam Haynes
|
0-0: Swinging Strike 0-1: Ball 1-1: Foul Ball, location: 2F 1-2: SINGLE (Groundball, 56) (infield hit)
|
Batting: SHB Ben Marks
|
0-0: Ball Sam Haynes is caught stealing 2nd base
|
Bottom of the 5th over - 1 run, 2 hits, 0 errors, 0 left on base; Minnesota 4 - Butler 2 |
TOP OF THE 6TH |
Minnesota ManBearPigs batting - Pitching for Butler White Sox : LHP Gary Fox
|
Batting: RHB James Hunter
|
0-0: Called Strike 0-1: Swinging Strike 0-2: Ball 1-2: Ball 2-2: Strikes out swinging
|
Batting: SHB Darrel Lang
|
0-0: Called Strike 0-1: Ball 1-1: SINGLE (Groundball, 4MD)
|
Batting: SHB Jorge Rodríguez
|
0-0: Ball 1-0: Grounds into double play, 6-4-3 (Groundball, 56)
|
Top of the 6th over - 0 runs, 1 hit, 0 errors, 0 left on base; Minnesota 4 - Butler 2 |
BOTTOM OF THE 6TH |
Butler White Sox batting - Pitching for Minnesota ManBearPigs : RHP Curt Howard
|
Batting: SHB Ben Marks
|
0-0: Ball 1-0: Called Strike 1-1: Foul Ball, location: 2F 1-2: SINGLE (Flyball, 7LS)
|
Batting: RHB Steve Clifton
|
0-0: Ball 1-0: Foul Ball, location: 2F 1-1: Called Strike 1-2: Fly out, F9 (Flyball, 9)
|
Batting: LHB Josh Pérez
|
0-0: SINGLE (Line Drive, 8RS) Ben Marks to second
|
Batting: SHB Giel Molendijk
|
0-0: Ball 1-0: Swinging Strike 1-1: Ball 2-1: Called Strike 2-2: Foul Ball, location: 2F 2-2: Ball 3-2: Strikes out swinging
|
Pitching: RHP Gabriel McDaniel
|
|
Batting: RHB Ángel Serrano
|
0-0: Ball 1-0: Called Strike 1-1: SINGLE (Groundball, 34D) Ben Marks to third Josh Pérez to second Runner from 3rd tries for Home, SAFE, throw made home
|
Batting: RHB Jerry Moore
|
0-0: Ball 1-0: Ball 2-0: Ball 3-0: Base on Balls Josh Pérez to third Ángel Serrano to second
|
Batting: LHB Denny Allen
|
0-0: Foul Ball, location: 2F 0-1: Ball 1-1: Foul Ball, location: 2F 1-2: Foul Ball, location: 2F 1-2: Ball 2-2: SINGLE (Groundball, 6) (infield hit) Josh Pérez scores Ángel Serrano to third Jerry Moore to second
|
Batting: RHB Luis Fuentes
|
0-0: Swinging Strike 0-1: Ball 1-1: Called Strike 1-2: Strikes out swinging
|
Bottom of the 6th over - 2 runs, 4 hits, 0 errors, 3 left on base; Minnesota 4 - Butler 4 |
TOP OF THE 7TH |
Minnesota ManBearPigs batting - Pitching for Butler White Sox : LHP Gary Fox
|
Pinch Hitting: RHB Pedro López
|
0-0: Ball 1-0: Foul Ball, location: 2F 1-1: Ball 2-1: Ground out 4-3 (Groundball, 4)
|
Batting: RHB Álex Martínez
|
0-0: Ball 1-0: Called Strike 1-1: Ball 2-1: Ground out 4-3 (Groundball, 4)
|
Pinch Hitting: RHB Ánibal Soto
|
0-0: Called Strike 0-1: Ball 1-1: Swinging Strike 1-2: Strikes out looking
|
Top of the 7th over - 0 runs, 0 hits, 0 errors, 0 left on base; Minnesota 4 - Butler 4 |
BOTTOM OF THE 7TH |
Butler White Sox batting - Pitching for Minnesota ManBearPigs : RHP Gabriel McDaniel
|
Now at 2B: Ánibal Soto
|
|
Now in CF: Pedro López
|
|
Pinch Hitting: SHB Pedro Martínez
|
0-0: Swinging Strike 0-1: SOLO HOME RUN (Line Drive, 9LD), Distance : 381 ft
|
Batting: SHB Ben Marks
|
0-0: Called Strike 0-1: Ball 1-1: Ball 2-1: Swinging Strike 2-2: Strikes out swinging
|
Batting: RHB Steve Clifton
|
0-0: Ball 1-0: Ball 2-0: Ball 3-0: Base on Balls
|
Batting: LHB Josh Pérez
|
0-0: Ball Pickoff Throw to First - Out! 1-0: Called Strike 1-1: Ball 2-1: Ball 3-1: Base on Balls
|
Batting: SHB Giel Molendijk
|
0-0: Called Strike 0-1: Fielders Choice at 2nd, U4 (Groundball, 4M)
|
Bottom of the 7th over - 1 run, 1 hit, 0 errors, 1 left on base; Minnesota 4 - Butler 5 |
TOP OF THE 8TH |
Minnesota ManBearPigs batting - Pitching for Butler White Sox : LHP Gary Fox
|
Pitching: LHP Dexter Browning
|
|
Now in RF: Pedro Martínez
|
|
Batting: RHB Carlos López
|
0-0: Swinging Strike 0-1: Foul Ball, location: 2F 0-2: Ball 1-2: Foul Ball, location: 2F 1-2: SINGLE (Line Drive, 56D)
|
Batting: RHB Jaime Hernández
|
0-0: Ball 1-0: SINGLE (Groundball, 4MD) Carlos López to second Runner from 2nd tries for 3rd, SAFE, no throw
|
Batting: LHB Stanley Smith
|
0-0: Ball 1-0: Foul Ball, location: 2F 1-1: Swinging Strike 1-2: Ball 2-2: Fly out, F8 (Line Drive, 8RD) Runner from 3rd tags up, SCORES, throw made
|
Batting: RHB James Hunter
|
0-0: Called Strike 0-1: Ball 1-1: Swinging Strike 1-2: Fielders Choice at 2nd, 4-6 (Groundball, 4)
|
Batting: SHB Darrel Lang
|
0-0: Swinging Strike 0-1: Ball 1-1: Ball 2-1: Fly out, F8 (Line Drive, 78D)
|
Top of the 8th over - 1 run, 2 hits, 0 errors, 1 left on base; Minnesota 5 - Butler 5 |
BOTTOM OF THE 8TH |
Butler White Sox batting - Pitching for Minnesota ManBearPigs : RHP Gabriel McDaniel
|
Pinch Hitting: LHB Thomas Dixon
|
0-0: Foul Ball, location: 2F 0-1: Swinging Strike 0-2: Ball 1-2: Strikes out swinging
|
Batting: RHB Jerry Moore
|
0-0: Called Strike 0-1: Ball 1-1: Swinging Strike 1-2: Strikes out looking
|
Batting: LHB Denny Allen
|
0-0: Ball 1-0: Foul Ball, location: 2F 1-1: Swinging Strike 1-2: DOUBLE (Groundball, 3L)
|
Batting: RHB Luis Fuentes
|
0-0: Called Strike 0-1: Ground out U3 (Groundball, 34)
|
Bottom of the 8th over - 0 runs, 1 hit, 0 errors, 1 left on base; Minnesota 5 - Butler 5 |
TOP OF THE 9TH |
Minnesota ManBearPigs batting - Pitching for Butler White Sox : LHP Dexter Browning
|
Pitching: RHP Wilson Yoxall
|
|
Now at SS: Thomas Dixon
|
|
Batting: SHB Jorge Rodríguez
|
0-0: Called Strike 0-1: Ball 1-1: Ball 2-1: Swinging Strike 2-2: Strikes out swinging
|
Batting: RHB Pedro López
|
0-0: Swinging Strike 0-1: Ball 1-1: Ball 2-1: Fly out, F8 (Flyball, 8RS)
|
Pinch Hitting: LHB Greg MacCanish
|
0-0: Called Strike 0-1: Ball 1-1: Swinging Strike 1-2: Ball 2-2: SINGLE (Groundball, 4MD)
|
Batting: RHB Ánibal Soto
|
0-0: Called Strike 0-1: Ground out 4-3 (Groundball, 34D)
|
Top of the 9th over - 0 runs, 1 hit, 0 errors, 1 left on base; Minnesota 5 - Butler 5 |
BOTTOM OF THE 9TH |
Butler White Sox batting - Pitching for Minnesota ManBearPigs : RHP Gabriel McDaniel
|
Now in CF: Carlos Luna
|
|
Batting: SHB Pedro Martínez
|
0-0: Ground out U3 (Groundball, 3)
|
Batting: SHB Ben Marks
|
0-0: Called Strike 0-1: Called Strike 0-2: Ball 1-2: Ground out 5-3 (Groundball, 5L)
|
Batting: RHB Steve Clifton
|
0-0: Called Strike 0-1: Ball 1-1: Swinging Strike 1-2: Ball 2-2: Strikes out swinging
|
Bottom of the 9th over - 0 runs, 0 hits, 0 errors, 0 left on base; Minnesota 5 - Butler 5 |
TOP OF THE 10TH |
Minnesota ManBearPigs batting - Pitching for Butler White Sox : RHP Wilson Yoxall
|
Batting: RHB Carlos López
|
0-0: Ground out 6-3 (Groundball, 6)
|
Batting: RHB Jaime Hernández
|
0-0: Ball 1-0: Foul Ball, location: 2F 1-1: Fly out, F7 (Flyball, 7D)
|
Batting: LHB Stanley Smith
|
0-0: Swinging Strike 0-1: Called Strike 0-2: Strikes out swinging
|
Top of the 10th over - 0 runs, 0 hits, 0 errors, 0 left on base; Minnesota 5 - Butler 5 |
BOTTOM OF THE 10TH |
Butler White Sox batting - Pitching for Minnesota ManBearPigs : RHP Gabriel McDaniel
|
Pitching: RHP José Peña
|
|
Batting: LHB Josh Pérez
|
0-0: Ground out 4-3 (Groundball, 4)
|
Batting: SHB Giel Molendijk
|
0-0: Called Strike 0-1: Ball 1-1: Ball 2-1: Swinging Strike 2-2: Foul Ball, location: 2F 2-2: Foul Ball, location: 2F 2-2: Foul Ball, location: 2F 2-2: Strikes out swinging
|
Batting: LHB Thomas Dixon
|
0-0: Ball 1-0: Called Strike 1-1: Ball 2-1: Ball 3-1: Ground out U3 (Groundball, 34)
|
Bottom of the 10th over - 0 runs, 0 hits, 0 errors, 0 left on base; Minnesota 5 - Butler 5 |
TOP OF THE 11TH |
Minnesota ManBearPigs batting - Pitching for Butler White Sox : RHP Wilson Yoxall
|
Pitching: LHP Rafael Romero
|
|
Batting: RHB James Hunter
|
0-0: Called Strike 0-1: Ball 1-1: Swinging Strike 1-2: Ball 2-2: Ground out U3 (Groundball, 34)
|
Batting: SHB Darrel Lang
|
0-0: Foul Ball, location: 2F 0-1: Foul Ball, location: 2F 0-2: Ball 1-2: Ground out 4-3 (Groundball, 4M)
|
Batting: SHB Jorge Rodríguez
|
0-0: Ball 1-0: Ball 2-0: Ball 3-0: Called Strike 3-1: Foul Ball, location: 2F 3-2: Strikes out swinging
|
Top of the 11th over - 0 runs, 0 hits, 0 errors, 0 left on base; Minnesota 5 - Butler 5 |
BOTTOM OF THE 11TH |
Butler White Sox batting - Pitching for Minnesota ManBearPigs : RHP José Peña
|
Batting: RHB Jerry Moore
|
0-0: Ball 1-0: Ball 2-0: Called Strike 2-1: SINGLE (Line Drive, 34D)
|
Batting: LHB Denny Allen
|
0-0: Bunt missed! 0-1: Ball 1-1: Sac Bunt - play at first, batter OUT! 3-4 Jerry Moore to second
|
Batting: RHB Luis Fuentes
|
0-0: Called Strike 0-1: Ball 1-1: Ball 2-1: Called Strike 2-2: Strikes out swinging
|
Batting: SHB Pedro Martínez
|
0-0: Foul Ball, location: 2F 0-1: Called Strike 0-2: SINGLE (Popup, 6D) Jerry Moore to third Runner from 3rd tries for Home, SAFE, throw made home
|
Saturday, April 7th, 2018 - OOTP Baseball 18.8 Build 76
|
|